AoeStats
← chichoN

Oasis

509795042Analyzed
2v2 RM · 5d ago on Sep 28, 2026· 43m 28s· 4 players
Game mode
Random Map
Map size
Medium (4 player)
Population
200
Speed
Normal
Resources
Standard
Victory
Conquest
Starting age
Dark Age
Ending age
Imperial Age
RankedLock teamsTeams togetherTeam positionsShared explorationLock speedFull tech treeHidden civsTurbo modeCheats
Victory
Defeat
1422
+12
🇲🇽 Magyars · Mexico
1340
+15
🇦🇷 Ethiopians · Argentina
1382
-16
🇺🇸 Goths · United States
1272
-11
Bob the Builder
5:21 Loom
14:49 Feudal Age
15:31 Double-Bit Axe
16:10 Bloodlines
18:33 Man-at-Arms
21:23 Scale Barding Armor
23:27 Horse Collar
26:41 Castle Age
25:09 Forging
25:21 Scale Mail Armor
26:44 Pikeman
27:27 Squires
27:12 Long Swordsman
30:11 Chain Mail Armor
33:43 Iron Casting
35:36 Wheelbarrow
38:33 Gold Mining
38:36 Stone Mining
38:48 Town Watch
38:56 Fletching
41:24 Bow Saw
chichoN
2:55 Loom
8:13 Loom
10:39 Feudal Age
11:13 Double-Bit Axe
13:15 Fletching
18:38 Castle Age
18:43 Gold Mining
18:43 Crossbowman
19:31 Bodkin Arrow
21:08 Bow Saw
23:35 Padded Archer Armor
28:03 Wheelbarrow
28:55 Forging
30:14 Ballistics
34:44 Horse Collar
39:16 Leather Archer Armor
39:06 Scale Barding Armor
39:37 Iron Casting
44:45 Imperial Age
Tx8 | EtergenInvictus
1:32 Loom
12:11 Feudal Age
11:55 Loom
12:45 Double-Bit Axe
14:16 Wheelbarrow
15:26 Fletching
22:38 Castle Age
22:02 Horse Collar
22:13 Gold Mining
23:14 Bloodlines
23:16 Forging
23:11 Scale Barding Armor
23:37 Husbandry
25:36 Bow Saw
27:56 Heavy Plow
34:47 Iron Casting
34:35 Chain Barding Armor
37:54 Bodkin Arrow
40:31 Imperial Age
38:21 Hand Cart
38:05 Light Cavalry
40:05 Ballistics
39:54 Light Cavalry
41:28 Cavalier
42:25 Bracer
43:31 Chemistry
Tx8 | AlexisCubo
7:51 Loom
10:42 Feudal Age
11:23 Double-Bit Axe
22:53 Wheelbarrow
24:18 Castle Age
29:47 Scale Barding Armor
33:49 Horse Collar
38:12 Scale Mail Armor
Connection lost

Rejoining the realm…

Still unreachable

The connection could not be restored.

Session expired

The server has moved on; the page needs a fresh start.